 Dungeon Crawl Stone Soup version 0.28.0-47-ge53b351184 (webtiles) character file.

Game seed: 6126421448580668984

613 klau3 the Magician (level 7, -9/49 HPs)
             Began as a Mummy Necromancer on May 6, 2022.
             Mangled by Pikel
             ... wielding a +1 whip of electrocution
              (18 damage)
             ... on level 4 of the Dungeon.
             The game lasted 00:19:50 (4081 turns).

klau3 the Magician (Mummy Necromancer)              Turns: 4081, Time: 00:19:51

Health: -9/49      AC: 17    Str: 11    XL:     7   Next: 20%
Magic:  14/15      EV:  5    Int: 14    God:
Gold:   196        SH:  0    Dex: 15    Spells: 16/17 levels left

rFire   x x .      SeeInvis .   m - +3 mace (protect)
rCold   + + .      Faith    .   (no shield)
rNeg    + + +      Spirit   .   t - +0 chain mail
rPois   ∞          Reflect  .   d - +0 helmet
rElec   .          Harm     .   (no cloak)
rCorr   +          Rampage  .   (no gloves)
Will    .....                   k - +0 pair of boots
Stlth   ..........              c - amulet of regeneration
HPRegen 0.96/turn               n - ring of resist corrosion
MPRegen 0.14/turn               o - ring of ice

@: under a protective aura, very slightly contaminated
A: cold resistance 1, negative energy resistance 3, torment resistance 2, heat
vulnerability 1, no potions
a: no special abilities


You were on level 4 of the Dungeon.
You visited 1 branch of the dungeon, and saw 4 of its levels.
You also visited: Sewer.

You collected 196 gold pieces.

Inventory:

Hand Weapons
 h - a +0 spear
 j - a +0 hunting sling
 m - a +3 mace of protection (weapon)
Missiles
 g - 167 stones
 i - 20 poisoned darts
Armour
 a - a +0 robe
 d - a +0 helmet (worn)
 f - a +0 ring mail
 k - a +0 pair of boots (worn)
 t - a +0 chain mail (worn)
Jewellery
 c - an amulet of regeneration (around neck)
 n - a ring of resist corrosion (left hand)
 o - a ring of ice (right hand)
Wands
 s - a wand of polymorph (2)
Scrolls
 b - 3 scrolls of teleportation {unknown}
 e - a scroll of immolation {unknown}
 l - a scroll of amnesia {unknown}
 p - a scroll of acquirement {unknown}
 q - a scroll of magic mapping {unknown}
 r - a scroll of fear {unknown}
 u - a scroll of enchant armour {unknown}


   Skills:
 + Level 1.8 Fighting
 + Level 1.8 Maces & Flails
 + Level 0.5 Polearms
 + Level 2.0 Armour
 + Level 2.2 Dodging
 + Level 1.7 Stealth
 + Level 0.2 Unarmed Combat
 + Level 5.9 Spellcasting
 + Level 5.6 Necromancy


You had 16 spell levels left.
You knew the following spells:

 Your Spells              Type           Power      Damage    Failure   Level
a - Pain                  Necr           76%        1d7       65%         1

Your spell library contained the following spells:

 Spells                   Type           Power      Damage    Failure   Level
 Animate Skeleton         Necr           38%        N/A       65%         1
 Vampiric Draining        Necr           19%        2d7       95%         3
 Animate Dead             Necr           9%         N/A       100%        4
 Agony                    Necr           19%        N/A       100%        5
 Summon Hydra             Summ           2%         N/A       100%        7
 Sublimation of Blood     Necr           Unusable   N/A       N/A         2
 Wereblood                Tmut           Unusable   N/A       N/A         2

Dungeon Overview and Level Annotations

Branches:
Dungeon (4/15)              Sewer (visited)
 Temple: D:4-7

Altars:

Shops:
D:1 (

Annotations:
D:4 Pikel


Innate Abilities, Weirdness & Mutations

You are immune to poison.
Your flesh is cold resistant. (rC+)
You are immune to negative energy. (rN+++)
You are immune to unholy pain and torment.
You are vulnerable to heat. (rF-)
You do not drink.


Message History

You barely miss the adder. The adder closely misses you. The adder bites you.
You sock the adder!
Your weapon exudes an aura of protection.
The adder is almost dead.
The adder bites you but does no damage.
A lemure comes into view.
The adder bites you but does no damage.
You barely miss the adder.
The adder is almost dead.
The adder bites you but does no damage.
You barely miss the adder.
The adder is almost dead.
The adder bites you but does no damage. x2
You hit the adder but do no damage.
Your weapon exudes an aura of protection.
You punch the adder.
You kill the adder!
Pikel hits you but does no damage.
You hit Pikel but do no damage. Your punch misses Pikel.
Pikel hits you but does no damage.
You closely miss Pikel. Pikel barely misses you.
You hit Pikel but do no damage.
Pikel hits you with a +1 whip of electrocution.
You are electrocuted!
You hit Pikel.
Pikel is lightly wounded.
Pikel hits you but does no damage.
You are electrocuted!
Pikel hits you with a +1 whip of electrocution.
You are electrocuted!
* * * LOW HITPOINT WARNING * * *
You closely miss Pikel.
Pikel is lightly wounded.
Pikel hits you but does no damage.
You sock Pikel!
Pikel is moderately wounded.
Pikel barely misses you.
You closely miss Pikel.
Pikel is moderately wounded.
Pikel hits you but does no damage.
You are electrocuted!!
You die...

### #### .... ...## ....$
###.################......
# ##.#......†...@K55...#
#.....#########55...# #
##.#.### ###.#.# ###.##.#
.# # ...###.# # ..## #.#
### #.# ... .#


You could see Pikel and 4 lemures.

Vanquished Creatures
  Grinder (D:3)
  2 kobold brigands (Sewer)
  Terence (D:3)
  Natasha (D:2)
  An orc wizard (D:4)
  7 adders
  5 river rats (Sewer)
  An adder skeleton (D:4)
  2 worms (D:2)
  A dart slug (D:2)
  3 orcs
  6 endoplasms
  3 giant cockroaches
  4 goblins
  5 hobgoblins
  7 jackals
  7 quokkas
  7 ball pythons
  6 frilled lizards
  5 kobolds
  6 rats (Sewer)
81 creatures vanquished.

Vanquished Creatures (others)
  6 plants (Sewer)
6 creatures vanquished.

Grand Total: 87 creatures vanquished

Notes
Turn   | Place    | Note
-------+----------+-------------------------------------------
     0 | D:1      | klau3 the Mummy Necromancer began the quest for the Orb.
     0 | D:1      | Reached XP level 1. HP: 13/13 MP: 4/4
    48 | D:1      | Found a faded altar of an unknown god.
   289 | D:1      | Found Woym's Antique Weapon Shop.
   436 | D:1      | Reached XP level 2. HP: 19/19 MP: 2/5
  1303 | D:2      | Reached XP level 3. HP: 19/24 MP: 1/7
  1414 | D:2      | Noticed Natasha
  1421 | D:2      | Killed Natasha
  1523 | D:2      | Reached XP level 4. HP: 17/30 MP: 9/9
  1970 | D:3      | Noticed Terence
  1980 | D:3      | Killed Terence
  2296 | D:3      | Found a glowing drain.
  2322 | Sewer    | Entered a sewer
  2416 | Sewer    | Reached XP level 5. HP: 11/36 MP: 9/11
  2605 | Sewer    | Reached skill level 1 in Fighting
  2605 | Sewer    | Reached skill level 5 in Spellcasting
  2605 | Sewer    | Reached skill level 5 in Necromancy
  2660 | Sewer    | Reached skill level 1 in Armour
  2793 | Sewer    | Reached XP level 6. HP: 43/43 MP: 8/13
  3082 | Sewer    | Reached skill level 1 in Maces & Flails
  3344 | D:3      | Noticed Grinder
  3354 | D:3      | Paralysed by Grinder for 3 turns
  3391 | D:3      | Killed Grinder
  3392 | D:3      | Reached XP level 7. HP: 48/48 MP: 12/15
  4064 | D:4      | Noticed Pikel
  4081 | D:4      | Mangled by Pikel

Illustrated notes

Levels and vault maps discovered:
D:1:      mushboom_english_gardens, layout_loops_corners,
          basic_ecumenical_altar, serial_shops, nicolae_shop_trees,
          supply_closet_lemuel, minmay_ruptured
D:2:      layout_basic, grunt_ministairs_3, minmay_pentomino_o2, uniq_natasha
D:3:      layout_loops_corners, portal_sewer_entry_f, uniq_terence, uniq_grinder
D:4:      layout_loops_ring, uniq_pikel

Skill      XL: |  1  2  3  4  5  6  7 |
---------------+----------------------+-----
Spellcasting   | 3 4 5 |  5.9
Fighting       | 1 |  1.8
Dodging        | 2 |  2.2
Necromancy     | 5 |  5.6
Armour         | 1 2 |  2.0
Maces & Flails | 1 |  1.8
Polearms       | |  0.5
Stealth        | |  1.7
Unarmed Combat | |  0.2

Action                   |  1- 3 |  4- 6 |  7- 9 || total
-------------------------+-------+-------+-------++-------
Melee: Unarmed           |    36 |       |       ||    36
       Punch             |     1 |     2 |     1 ||     4
       Spear             |    39 |       |       ||    39
       Mace              |       |   147 |    57 ||   204
 Cast: Pain              |    42 |    75 |     5 ||   122
Armor: Robe              |    11 |       |       ||    11
       Ring mail         |    11 |    91 |       ||   102
       Chain mail        |       |       |    61 ||    61
Dodge: Dodged            |    46 |    80 |    20 ||   146
